 Dungeon Crawl Stone Soup version 0.25.1-2-g60ff931df9 (webtiles) character file.

Game seed: 3074729914620579213

161696 MenacingMecha the Spry (level 17, 0/142 HPs)
             Began as a Merfolk Ice Elementalist on Nov 11, 2020.
             Was the Champion of Okawaru.
             Slain by a ghost moth (11 damage)
             ... on level 2 of the Spider Nest on Nov 13, 2020.
             The game lasted 03:08:49 (52732 turns).

MenacingMecha the Spry (Merfolk Ice Elementalist)  Turns: 52732, Time: 03:08:50

Health: 0/142      AC: 18    Str: 12      XL:     17   Next: 79%
Magic:  0/21       EV: 23    Int: 17      God:    Okawaru [******]
Gold:   301        SH: 12    Dex: 17 (21) Spells: 5/34 levels left

rFire    + . .     SeeInvis +   Q - +5 demon trident (freeze)
rCold    + + .     Gourm    .   g - +2 buckler {rF+}
rNeg     . . .     Faith    .   f - +4 leather armour of the Abyss {rPois rCorr MP-9 Dex+8}
rPois    +         Spirit   .   X - +2 helmet {SInv}
rElec    .         Reflect  +   N - +2 cloak of Complete Protection {rC+}
rCorr    +         Harm     .   E - +1 pair of gloves
MR       +....                  d - +0 pair of boots {Fly}
Stlth    ++........             j - amulet of reflection
HPRegen  0.33/turn              n - ring of ice
MPRegen  0.17/turn              t - ring of protection from fire

@: lethally poisoned (0 -> -2), flying
A: change form in water, swift swim, stealthy swim, claws 1, clumsy 1
a: Heroism, Finesse, Renounce Religion, Stop Flying


You were on level 2 of the Spider Nest.
You worshipped Okawaru.
Okawaru was exalted by your worship.
You were very hungry.

You visited 6 branches of the dungeon, and saw 29 of its levels.
You also visited: Ice Cave.

You collected 2252 gold pieces.
You spent 1951 gold pieces at shops.

Inventory:

Hand Weapons
 Q - a +5 demon trident of freezing (weapon)
Missiles
 a - 3 throwing nets
 p - 598 stones (quivered)
 u - 2 silver javelins
 y - 5 atropa-tipped darts
 z - 7 curare-tipped darts
 B - 110 poisoned darts
 M - 94 boomerangs
Armour
 d - a +0 pair of boots of flying (worn)
 f - the +4 leather armour of the Abyss (worn) {rPois rCorr MP-9 Dex+8}
   (You found it in an ice cave)

   It affects your dexterity (+8).
   It protects you from poison.
   It affects your magic capacity (-9).
   It provides partial protection from all sources of acid and corrosion.
 g - a +2 buckler of fire resistance (worn)
 E - a +1 pair of gloves (worn)
 L - a +0 leather armour of magic resistance
 N - the +2 cloak of Complete Protection (worn) {rC+}
   (Okawaru gifted it to you on level 1 of the Orcish Mines)

   It protects you from cold.
 P - a scarf of repulsion
 X - a +2 helmet of see invisible (worn)
Jewellery
 j - an amulet of reflection (around neck)
 n - a ring of ice (left hand)
 s - an uncursed ring of ice
 t - a ring of protection from fire (right hand)
 H - an uncursed ring of wizardry
Wands
 Z - a wand of digging (7)
Scrolls
 k - 2 scrolls of enchant armour
 l - 11 scrolls of remove curse
 m - 2 scrolls of immolation
 q - 2 scrolls of identify
 r - 6 scrolls of magic mapping
 w - 12 scrolls of teleportation
 C - a scroll of fog
 D - 7 scrolls of blinking
 F - 2 scrolls of amnesia
 G - a scroll of holy word
 J - a scroll of silence
 R - a scroll of fear
 V - 2 scrolls of summoning
Potions
 b - 2 potions of cancellation
 e - a potion of ambrosia
 h - 8 potions of lignification
 i - 2 potions of might
 o - 7 potions of heal wounds
 v - 2 potions of brilliance
 x - 9 potions of curing
 A - 3 potions of stabbing
 O - a potion of berserk rage
 T - 2 potions of magic
 Y - a potion of resistance
Miscellaneous
 W - 3 phantom mirrors
Comestibles
 c - 24 rations


   Skills:
 + Level 15.5 Fighting
 - Level 14.0 Polearms
 - Level 7.7 Armour
 + Level 15.7 Dodging
 - Level 3.3 Stealth
 - Level 4.0 Shields
 - Level 9.2 Spellcasting
 - Level 4.0 Conjurations
   Level 4.0 Hexes
 * Level 7.1 Summonings
 - Level 1.5 Necromancy
 - Level 3.0 Translocations
 - Level 13.0 Ice Magic
 - Level 3.7 Air Magic
 - Level 7.0 Poison Magic
 - Level 7.0 Invocations


You had 5 spell levels left.
You knew the following spells:

 Your Spells              Type           Power        Failure   Level  Hunger
a - Mephitic Cloud        Conj/Pois/Air  ###.....     4%          3    None
b - Frozen Ramparts       Ice            ######       1%          3    None
c - Summon Small Mammal   Summ           ####         1%          1    None
d - Animate Skeleton      Necr           N/A          6%          1    None
e - Summon Ice Beast      Ice/Summ       ######..     1%          4    ###....
f - Ozocubu's Armour      Chrm/Ice       #####...     2%          3    None
g - Poisonous Vapours     Pois/Air       ####..       1%          2    None
h - Blink                 Tloc           N/A          4%          2    None
j - Olgreb's Toxic Radia  Pois           ####....     6%          4    ###....
k - Ozocubu's Refrigerat  Ice            ######....   9%          6    ######.

Your spell library contained the following spells:

 Spells                   Type           Power        Failure   Level  Hunger
 Freeze                   Ice            ####         1%          1    None
 Call Imp                 Summ           ####....     1%          2    None
 Corona                   Hex            ###....      2%          1    None
 Magic Dart               Conj           ###.         2%          1    None
 Sting                    Tmut/Pois      ###.         2%          1    None
 Apportation              Tloc           ###...       3%          1    None
 Slow                     Hex            ###.....     3%          2    None
 Hailstorm                Conj/Ice       ######..     3%          4    ###....
 Foxfire                  Conj/Fire      ##..         4%          1    None
 Recall                   Summ/Tloc      N/A          4%          3    None
 Static Discharge         Conj/Air       ###.....     7%          3    None
 Portal Projectile        Hex/Tloc       ###...       8%          3    None
 Ice Form                 Ice/Tmut       #####...     8%          4    ###....
 Spider Form              Tmut/Pois      ###.......   9%          3    None
 Shroud of Golubria       Chrm/Tloc      ##....       10%         2    None
 Metabolic Englaciation   Hex/Ice        ######....   10%         5    #####..
 Beastly Appendage        Tmut           #.....       12%         1    None
 Ignite Poison            Fire/Tmut/Pois ###.....     13%         3    None
 Inner Flame              Hex/Fire       ##......     14%         3    None
 Conjure Flame            Conj/Fire      ##......     16%         3    None
 Sticks to Snakes         Tmut           #.......     17%         2    None
 Aura of Abjuration       Summ           ####......   17%         5    #####..
 Summon Demon             Summ           ####......   17%         5    #####..
 Cause Fear               Hex            ###.......   22%         4    ###....
 Summon Mana Viper        Hex/Summ       ####....     30%         5    #####..
 Summon Forest            Summ/Tloc      ####......   36%         5    #####..
 Leda's Liquefaction      Hex/Erth       ##........   43%         4    ###....
 Sticky Flame             Conj/Fire      ##......     45%         4    ###....
 Lightning Bolt           Conj/Air       ###.......   54%         5    #####..
 Silence                  Hex/Air        ###.......   54%         5    #####..
 Fireball                 Conj/Fire      ##........   80%         5    #####..
 Yara's Violent Unravell  Hex/Tmut       ##........   80%         5    #####..
 Blade Hands              Tmut           #.........   97%         5    #####..
 Simulacrum               Ice/Necr       #####.....   65%         6    ######.
 Shadow Creatures         Summ           N/A          67%         6    ######.
 Freezing Cloud           Conj/Ice/Air   #####.....   71%         6    ######.
 Discord                  Hex            ###.......   100%        8    #######
 Ignition                 Fire           #.........   100%        8    #######
 Shatter                  Erth           #.........   100%        9    #######
 Tornado                  Air            ###.......   100%        9    #######


Dungeon Overview and Level Annotations

Branches:
Dungeon (14/15)            Temple (1/1) D:5            Lair (6/6) D:10
 Shoals (3/4) Lair:4       Spider (3/4) Lair:3        Slime (0/5) Lair:6
    Orc (2/2) D:12            Elf (0/3) Orc:2        Vaults (0/5) D:13
  IceCv (visited)

Altars:
Ashenzari
Cheibriados
Dithmenos
Elyvilon
Fedhas
Gozag
Hepliaklqana
Kikubaaqudgha
Makhleb
Nemelex Xobeh
Okawaru
Qazlal
Ru
Sif Muna
Trog
Uskayaw
Vehumet
Wu Jian
Xom
Yredelemnul
Zin
The Shining One
Beogh

Shops:
D:10 ?   D:11 =   D:14 ?   Orc:1 ?   Orc:2 ((%:   Shoals:2 :

Annotations:
Lair:5 exclusion: dream sheep
Lair:6 2 runed translucent doors


Innate Abilities, Weirdness & Mutations

You revert to your normal form in water.
You are very nimble and swift while swimming.
You are very stealthy in the water. (Stealth+)
You have sharp fingernails.
You are clumsy. (Dex -2)


Message History

The ghost moth barely misses you. The ghost moth stings you!
* * * LOW HITPOINT WARNING * * *
You puncture the ghost moth!
The ghost moth is severely wounded.
You feel sick.
The ghost moth hits you but does no damage.
You block the ghost moth's attack. The ghost moth completely misses you.
Unknown command.
You feel sick. The ghost moth stares at you.
You see here an entropy weaver corpse.
The ghost moth stares at you.
You feel sick. The ghost moth stares at you.
You can drink potions again.
You feel sick. The ghost moth hits you!
* * * LOW HITPOINT WARNING * * *
You feel clumsy. The ghost moth hits you!
You die...

############ #######
##....#.#.^####..#..##
#^.........#.....#...#####
#..).............†...##..##
..........^.....>†.>......#
.........##..####†.##.....##
..###....#....##....#......##
...###...##..####y.##.#....^#
.^.# ###.###..##@.###.#.....#
#.## #.#≈≈##≈≈##≈≈#.#.....###
### #..≈≈≈≈≈≈≈≈≈≈..#.......#
###≈≈##≈≈##≈≈#####.....##
###..##..### ##......## ####
##..####.^## #........#
##..##
#....##^...####.........
##...^#
##..####..##.###........
.##...##
######.......#.....#.#.^


You could see a ghost moth (invisible).

Vanquished Creatures
  2 emperor scorpions
  An orc warlord (Orc:1)
  The ghost of Dirphi Vium the Fighter, a journeyman MiBe of Trog (D:13)
  An entropy weaver (Spider:2)
  A merfolk impaler (Shoals:3)
  Harold (D:8)
  Fannar (Lair:1)
  4 vault guards (D:13)
  7 hydras
  A merfolk avatar (Shoals:1)
  An ogre mage (D:13)
  3 catoblepae
  An alligator snapping turtle (Shoals:2)
  4 two-headed ogres
  A tengu warrior (D:12)
  3 centaur warriors
  19 death yaks
  4 orc high priests (Orc:2)
  Sonja (D:10)
  Nergalle (Lair:2)
  2 unseen horrors
  2 fire crabs
  A sea snake (Shoals:2)
  A necromancer (IceCv)
  A lindwurm (Lair:6)
  Pikel (D:3)
  7 deep elf magi
  10 harpies
  6 orc knights
  6 orc sorcerers
  5 fauns
  A cyclops (shapeshifter) (D:14)
  5 cyclopes
  20 wolf spiders
  6 orb spiders
  15 elephants
  4 ugly things
  4 merfolk sirens
  9 manticores
  2 black mambas (Lair:6)
  5 water nymphs
  3 ice statues (IceCv)
  A centaur zombie (D:10)
  2 centaur skeletons
  A torpor snail (Lair:5)
  12 spiny frogs
  2 molten gargoyles (Lair:6)
  3 gargoyles
  5 rime drakes
  11 komodo dragons
  A demonic crawler (Spider:2)
  A kobold demonologist (D:11)
  6 ice devils (IceCv)
  A polar bear (Lair:5)
  26 jumping spiders
  6 trolls
  A wind drake (Shoals:2)
  4 hornets
  20 merfolk
  3 dream sheep
  14 blink frogs
  10 hippogriffs
  12 spriggans (Lair:3)
  6 snapping turtles
  28 redbacks
  13 tarantellas
  4 wyverns
  41 yaks
  4 wraiths
  A shadow (D:12)
  4 water elementals
  A human (D:7)
  2 basilisks (Lair:6)
  A fire bat (Shoals:2)
  4 hogs (D:7)
  A hungry ghost (D:9)
  A steam dragon (Lair:6)
  Grum (D:11)
  A warg (Orc:2)
  19 water moccasins
  A black bear (D:9)
  9 porcupines
  40 orc warriors
  2 slaves (D:4)
  2 necrophages
  3 phantoms
  6 sky beasts
  A hornet zombie (D:14)
  20 ogres
  3 boggarts (Lair:3)
  An eye of draining (D:11)
  2 ice beasts
  14 wolves
  14 centaurs
  15 crocodiles
  2 big kobolds
  14 bullfrogs
  2 wyvern skeletons
  3 scorpions
  5 killer bees
  12 wights
  3 electric eels
  3 howler monkeys
  6 crimson imps
  5 lava snakes (Lair:6)
  A bullfrog zombie (D:11)
  3 bullfrog skeletons
  A draconian simulacrum (IceCv)
  4 hounds
  24 orc priests
  3 jellies
  28 orc wizards
  2 hell rats (D:10)
  11 worker ants
  3 troll simulacra (IceCv)
  A spriggan simulacrum (IceCv)
  3 centaur simulacra (IceCv)
  A hound zombie (D:10)
  A hound skeleton (D:11)
  A worker ant zombie (D:10)
  6 adders
  7 gnolls
  A naga simulacrum (IceCv)
  An ogre simulacrum (IceCv)
  4 shadow imps
  An ooze (D:2)
  An adder zombie (D:6)
  3 worms (D:2)
  2 dart slugs
  4 leopard geckos
  107 orcs
  5 bats
  3 giant cockroaches
  14 goblins
  6 hobgoblins
  7 jackals
  4 quokkas
  5 frilled lizards
  15 kobolds
  A quokka skeleton (D:4)
  6 rats
  3 plants
929 creatures vanquished.

Vanquished Creatures (collateral kills)
  A merfolk impaler (Shoals:3)
  6 hydras
  A merfolk aquamancer (Shoals:2)
  2 merfolk avatars (Shoals:3)
  A catoblepas (Lair:6)
  A two-headed ogre (Orc:2)
  2 sea snakes
  A deep elf archer (D:13)
  3 deep elf magi
  2 harpies
  2 fauns (Shoals:1)
  2 cyclopes
  A manticore (Shoals:1)
  6 elephants
  A molten gargoyle (Lair:6)
  A water nymph (Shoals:2)
  Joseph (D:10)
  3 spiny frogs
  A komodo dragon (Lair:6)
  A troll (D:9)
  A jumping spider (Spider:2)
  A polar bear (Lair:4)
  5 merfolk
  A wind drake (Shoals:2)
  A blink frog (Lair:1)
  2 dream sheep
  A shadow (D:14)
  A redback (Spider:2)
  A vampire (D:12)
  2 water elementals (Shoals:2)
  4 yaks
  2 basilisks
  A hungry ghost (D:9)
  A fire bat (Shoals:3)
  An acid dragon (shapeshifter) (D:14)
  A hell hound (Lair:6)
  An ice beast (D:7)
  A black bear (Lair:2)
  A necrophage (D:7)
  A wolf (Lair:3)
  2 crocodiles
  A centaur (D:10)
  A big kobold (D:9)
  2 bullfrogs
  A scorpion (D:7)
  A water moccasin skeleton (D:11)
  12 wights
  4 killer bees
  A howler monkey (D:10)
  A crimson imp (D:11)
  A centaur zombie (D:7)
  A bullfrog skeleton (D:11)
  2 centaur skeletons
  3 orc wizards
  3 worker ants
  Robin (D:3)
  A gnoll (D:8)
  A shadow imp (D:9)
  An adder zombie (D:9)
  4 orcs
  A bat (D:9)
  A goblin (D:3)
  5 plants
120 creatures vanquished.

Vanquished Creatures (others)
  A tarantella (Spider:1)
  3 hell hounds (Lair:6)
  A kobold (D:9)
  5 fungi
  5 plants
15 creatures vanquished.

Grand Total: 1064 creatures vanquished

Notes
Turn   | Place    | Note
-------+----------+-------------------------------------------
     0 | D:1      | MenacingMecha the Merfolk Ice Elementalist began the quest
                  | for the Orb.
     0 | D:1      | Reached XP level 1. HP: 13/13 MP: 3/3
   428 | D:1      | Reached XP level 2. HP: 19/19 MP: 1/5
   735 | D:1      | Reached skill level 5 in Ice Magic
  1386 | D:2      | Reached XP level 3. HP: 17/24 MP: 3/6
  1404 | D:2      | Learned a level 3 spell: Frozen Ramparts
  2249 | D:2      | Reached XP level 4. HP: 30/30 MP: 3/7
  2490 | D:3      | Learned a level 1 spell: Summon Small Mammal
  2492 | D:3      | Learned a level 1 spell: Animate Skeleton
  2602 | D:3      | Noticed an ogre
  2612 | D:3      | Killed an ogre
  2612 | D:3      | Reached skill level 1 in Summonings
  2612 | D:3      | Reached skill level 1 in Necromancy
  2612 | D:3      | Reached XP level 5. HP: 28/35 MP: 3/8
  2961 | D:3      | Noticed a centaur
  3256 | D:4      | Noticed Robin
  3441 | D:3      | Reached XP level 6. HP: 41/41 MP: 9/9
  3458 | D:3      | Killed Robin
  3857 | D:4      | Noticed a slave
  3857 | D:4      | Noticed a slave
  3885 | D:4      | Killed a slave
  3914 | D:4      | Noticed Pikel
  3928 | D:4      | Noticed a slave
  3934 | D:4      | Noticed a slave
  3945 | D:4      | Killed a slave
  3970 | D:3      | Killed Pikel
  3970 | D:3      | Reached XP level 7. HP: 25/46 MP: 1/10
  4661 | D:5      | Entered Level 5 of the Dungeon
  4662 | D:5      | Found a staircase to the Ecumenical Temple.
  4674 | Temple   | Entered the Ecumenical Temple
  4799 | Temple   | Became a worshipper of Warmaster Okawaru
  5258 | D:5      | Found an opulent altar of Gozag.
  5511 | D:6      | Reached XP level 8. HP: 52/52 MP: 7/11
  5595 | D:6      | Learned a level 4 spell: Summon Ice Beast
  5812 | D:5      | Reached skill level 10 in Ice Magic
  6068 | D:6      | Reached skill level 1 in Fighting
  6253 | D:6      | Reached * piety under Okawaru
  6904 | D:6      | Learned a level 3 spell: Ozocubu's Armour
  7820 | D:7      | Noticed a hippogriff
  7855 | D:6      | Reached XP level 9. HP: 44/64 MP: 6/13
  8038 | D:6      | Reached ** piety under Okawaru
  8240 | D:7      | Reached skill level 1 in Polearms
  8849 | D:7      | Reached skill level 5 in Fighting
  8849 | D:7      | Reached skill level 5 in Polearms
  8851 | D:7      | Reached *** piety under Okawaru
  9353 | D:7      | Reached skill level 5 in Summonings
  9353 | D:7      | Reached XP level 10. HP: 60/74 MP: 10/14
 10260 | D:8      | Noticed a two-headed ogre
 10282 | D:8      | Killed a two-headed ogre
 10282 | D:8      | Reached **** piety under Okawaru
 10370 | D:8      | Learned a level 2 spell: Poisonous Vapours
 10728 | D:8      | Noticed Harold
 10813 | D:8      | Reached skill level 1 in Poison Magic
 11833 | D:9      | Found a shimmering altar of Xom.
 12010 | D:9      | Found a sacrificial altar of Ru.
 12064 | D:9      | Reached ***** piety under Okawaru
 12064 | D:9      | Reached skill level 1 in Air Magic
 12653 | D:9      | Reached skill level 10 in Polearms
 12732 | D:9      | Got an ancient dagger
 12738 | D:9      | Identified the +9 dagger of Fixation {speed, rN+ MR+ Int-3}
                  | (You found it on level 9 of the Dungeon)
 12860 | D:9      | Noticed a catoblepas
 13070 | D:9      | Found a runed translucent door.
 13070 | D:9      | Found a runed translucent door.
 13070 | D:9      | Noticed a centaur warrior
 13198 | D:9      | Noticed a two-headed ogre
 13212 | D:9      | Killed a two-headed ogre
 13212 | D:9      | Received a gift from Okawaru
 13212 | D:9      | Reached XP level 11. HP: 46/84 MP: 8/15
 13496 | D:9      | Noticed a manticore
 13664 | D:10     | Entered Level 10 of the Dungeon
 13902 | D:10     | Noticed Sonja
 14289 | D:10     | Reached skill level 5 in Dodging
 14391 | D:10     | Got an encrusted trident
 14395 | D:10     | Identified the +11 trident of Kogan {drain, rC+} (You found
                  | it on level 10 of the Dungeon)
 14649 | D:10     | Noticed a death yak
 14663 | D:10     | Noticed a death yak
 14805 | D:10     | Gained mutation: You are clumsy. (Dex -2) [potion of
                  | mutation]
 14805 | D:10     | Gained mutation: You have sharp fingernails. [potion of
                  | mutation]
 14861 | D:10     | Found Yvomi's Magic Scroll Emporium.
 15033 | D:10     | Noticed a death yak
 15039 | D:10     | Killed a death yak
 15065 | D:10     | Killed a death yak
 15068 | D:10     | Killed a death yak
 15199 | D:10     | Bought a scroll of teleportation for 33 gold pieces
 15214 | D:10     | Found a staircase to the Lair.
 15579 | Lair:1   | Entered Level 1 of the Lair of Beasts
 16015 | Lair:1   | Noticed Joseph
 16043 | D:10     | Killed Joseph
 16244 | D:10     | Received a gift from Okawaru
 16404 | Lair:1   | Noticed Fannar
 16421 | Lair:1   | Killed Fannar
 16421 | Lair:1   | Reached skill level 1 in Invocations
 16421 | Lair:1   | Reached XP level 12. HP: 91/94 MP: 9/16
 16924 | Lair:1   | Learned a level 3 spell: Mephitic Cloud
 16929 | Lair:1   | Noticed a five-headed hydra
 16942 | Lair:1   | Killed a five-headed hydra
 17572 | Lair:2   | Noticed a six-headed hydra
 17592 | Lair:1   | Reached skill level 1 in Conjurations
 18052 | Lair:1   | Killed a six-headed hydra
 18052 | Lair:1   | Reached skill level 1 in Armour
 18052 | Lair:1   | Reached skill level 5 in Invocations
 18253 | Lair:2   | Noticed a death yak
 18254 | Lair:2   | Noticed a death yak
 18258 | Lair:2   | Noticed a death yak
 18259 | Lair:2   | Noticed a death yak
 18260 | Lair:2   | Noticed a death yak
 18278 | Lair:1   | Killed a death yak
 18281 | Lair:1   | Killed a death yak
 18812 | Lair:1   | Killed a death yak
 18822 | Lair:1   | Killed a death yak
 18835 | Lair:1   | Killed a death yak
 19162 | Lair:2   | Noticed an eight-headed hydra
 19173 | Lair:2   | Killed an eight-headed hydra
 19173 | Lair:2   | Reached skill level 10 in Fighting
 19499 | Lair:2   | Noticed Nergalle
 19514 | Lair:2   | Killed Nergalle
 19514 | Lair:2   | Reached XP level 13. HP: 34/103 MP: 5/18
 20520 | Lair:3   | Received a gift from Okawaru
 20520 | Lair:3   | Reached ****** piety under Okawaru
 20972 | Lair:3   | Learned a level 2 spell: Blink
 21498 | Lair:3   | Found a hole to the Spider Nest.
 21715 | Lair:3   | Received a gift from Okawaru
 21721 | Lair:3   | Reached skill level 1 in Translocations
 22065 | Lair:3   | Reached skill level 1 in Shields
 22540 | Lair:3   | Reached skill level 10 in Dodging
 23327 | D:9      | Reached skill level 5 in Spellcasting
 23977 | Lair:4   | Reached skill level 5 in Poison Magic
 23978 | Lair:4   | Received a gift from Okawaru
 23978 | Lair:4   | Reached XP level 14. HP: 96/113 MP: 8/21
 24807 | Lair:4   | Found a staircase to the Shoals.
 26316 | Lair:5   | Received a gift from Okawaru
 26692 | Lair:6   | Entered Level 6 of the Lair of Beasts
 27224 | Lair:6   | Reached skill level 5 in Armour
 27353 | Lair:6   | Found a staircase to the Slime Pits.
 28092 | Lair:6   | Found a large runed translucent door.
 28093 | Lair:6   | Found a large runed translucent door.
 28188 | Lair:6   | Reached XP level 15. HP: 110/122 MP: 10/22
 29419 | D:11     | Found Lyfab's Jewellery Emporium.
 29570 | D:11     | Received a gift from Okawaru
 29693 | D:11     | You are sucked into a shaft and drop 2 floors!
 30093 | D:11     | Noticed Grum
 30116 | D:11     | Killed Grum
 31786 | D:12     | Found a staircase to the Orcish Mines.
 32585 | Orc:1    | Entered Level 1 of the Orcish Mines
 32626 | Orc:1    | Found Vucrau's Magic Scroll Shoppe.
 32651 | Orc:1    | Found a frozen archway.
 32686 | IceCv    | Entered an ice cave
 33335 | IceCv    | Got an ichor-stained leather armour
 33336 | IceCv    | Identified the +4 leather armour of the Abyss {rPois rCorr
                  | MP-9 Dex+8} (You found it in an ice cave)
 34383 | Orc:1    | Received a gift from Okawaru
 34393 | Orc:1    | Got a spiked cloak {god gift}
 34409 | Orc:1    | Identified the +2 cloak of Complete Protection {rC+}
                  | (Okawaru gifted it to you on level 1 of the Orcish Mines)
 34697 | Orc:2    | Entered Level 2 of the Orcish Mines
 35829 | Orc:2    | Found a roughly hewn altar of Beogh.
 35831 | Orc:2    | Found Mereuroc's Book Boutique.
 35840 | Orc:2    | Found Yjaedy's Food Shop.
 36552 | Orc:2    | Found a staircase to the Elven Halls.
 36783 | Orc:2    | Noticed an orc warlord
 37098 | Orc:1    | Killed an orc warlord
 37098 | Orc:1    | Reached XP level 16. HP: 125/132 MP: 1/25
 37520 | Orc:2    | Found a roughly hewn altar of Beogh.
 37681 | Orc:2    | Found Plog's Antique Weapon Boutique.
 37871 | Orc:2    | Found Isako's Weapon Emporium.
 38489 | D:8      | Killed Harold
 38795 | D:10     | Killed Sonja
 38959 | Orc:2    | Bought Ufen's Catalogue of Dislocation and Malediction for
                  | 1008 gold pieces
 38965 | Orc:2    | Learned a level 5 spell: Summon Mana Viper
 39614 | D:13     | Reached skill level 1 in Hexes
 40024 | D:13     | Received a gift from Okawaru
 40540 | D:13     | Found a gate to the Vaults.
 40591 | D:13     | Found a large runed translucent door.
 40592 | D:13     | Found a large runed translucent door.
 40594 | D:13     | Noticed Dirphi Vium's ghost (journeyman MiBe)
 41061 | D:13     | Killed Dirphi Vium's ghost
 41654 | D:14     | Found a glowing golden altar of the Shining One.
 41759 | D:14     | Found Akoixe's Magic Scroll Boutique.
 42317 | D:14     | Learned a level 4 spell: Olgreb's Toxic Radiance
 42549 | Shoals:1 | Entered Level 1 of the Shoals
 42597 | Lair:4   | Received a gift from Okawaru
 42600 | Lair:4   | Got a masterwork buckler {god gift}
 42611 | Lair:4   | Identified the +0 buckler of Okawaru's Reproof {*Slow Str+3
                  | Dex+3} (Okawaru gifted it to you on level 4 of the Lair of
                  | Beasts)
 43330 | Shoals:1 | You are sucked into a shaft and drop 1 floor!
 43407 | Shoals:2 | Found Biulel's Book Shop.
 45947 | Shoals:3 | Reached XP level 17. HP: 90/140 MP: 7/28
 46576 | Shoals:3 | Identified the +6 scale mail of Sodeadghe {rN+ Stlth+}
 47932 | Shoals:3 | Reached skill level 15 in Fighting
 48577 | Shoals:3 | Received a gift from Okawaru
 48587 | Shoals:3 | Reached skill level 15 in Dodging
 49146 | Spider:1 | Entered Level 1 of the Spider Nest
 49170 | Lair:3   | Received a gift from Okawaru
 51526 | Spider:2 | Got a warped bronze amulet
 51535 | Spider:2 | Received a gift from Okawaru
 51552 | Spider:2 | Learned a level 6 spell: Ozocubu's Refrigeration
 51552 | Spider:2 | Identified the amulet of Oplinusk {Acrobat Dex+4} (You
                  | found it on level 2 of the Spider Nest)
 52102 | Shoals:2 | Bought a book of Summonings for 910 gold pieces
 52732 | Spider:2 | Slain by a ghost moth

Illustrated notes

Levels and vault maps discovered:
D:1:      lightli_arrival_noodles, layout_rooms
D:2:      layout_loops_ring
D:3:      layout_rooms, minmay_misc_feat_more_columns, lightli_corner_chamber
D:4:      layout_gridville, first_ration, uniq_pikel, uniq_robin
D:5:      layout_basic, minmay_temple_entry_mist, nicolae_gozag_seed_capital
D:6:      layout_loops_ring
D:7:      layout_cave_pools, grunt_livestock, minmay_fountain_box
D:8:      layout_rooms, uniq_harold
D:9:      minmay_the_grid_four_pointed_star
          [minmay_the_grid_triangle_9x9_sparse_checkered,
          minmay_the_grid_triangle_9x9_tough_junction,
          minmay_the_grid_triangle_9x9_sprig,
          minmay_the_grid_triangle_9x9_corruption,
          minmay_the_grid_prize_four_corners_diamond_b], layout_irregular_city,
          nicolae_ru_great_annihilating_truth, xom_confusion_cloud
D:10:     layout_long_grid, dpeg_lair_monsters, serial_shops, shop, uniq_sonja
D:11:     layout_basic, serial_shops, shop_fountains, bh_walls_and_bars,
          uniq_grum
D:12:     layout_loops_ring, erik_orc_2
D:13:     layout_loops_ring, grunt_vaults_entry_fortified,
          ebering_ghost_disaster_area
D:14:     layout_loops_cross, serial_shops, shop_scrolls, nrook_mini_backslash,
          tso_altar
Temple:   regret_index_temple_sigil_plot
Lair:1:   wander_river, layout_chaotic_city, gauntlet_entry_generic,
          grunt_megastairs_2, serial_bayou_shore_a, uniq_joseph, uniq_fannar
Lair:2:   layout_gridlike, uniq_nergalle
Lair:3:   kb_forest_paths, layout_regular_city, spider_nest_entry_funnel_web
Lair:4:   layout_cave_pods, shoals_dummy_entry, serial_bayou_shore_b
Lair:5:   beast_lair_carwin_large_4, layout_hall_layers
Lair:6:   cheibrodos_lair_end_hotspot, layout_cave_pods, dpeg_slime_entry_corner
Shoals:1: layout_shoals
Shoals:2: layout_shoals, nicolae_shoals_c_island
Shoals:3: layout_shoals, hangedman_shoal_volcano
Spider:1: layout_spider_delve, nicolae_spider_webbed_stairs
Spider:2: layout_spider_delve, guppyfry_spider_mini_2
Spider:3: layout_chambers
Orc:1:    layout_caves, portal_ice_cave_rime, serial_shops, shop,
          elves_outpost_lemuel
Orc:2:    pubby_orc_utopia

Skill      XL: |  1  2  3  4  5  6  7  8  9 10 11 12 13 14 15 16 17 |
---------------+----------------------------------------------------+-----
Ice Magic      | 5 6 9 10 11 12 13 | 13.0
Summonings     | 1 2 3 5 6 7 |  7.1
Necromancy     | 1 |  1.5
Stealth        | 3 |  3.3
Fighting       | 3 5 7 8 10 11 12 13 14 15 | 15.5
Spellcasting   | 3 5 6 7 9 |  9.2
Dodging        | 3 4 7 8 10 11 13 14 15 | 15.7
Polearms       | 6 10 13 14 | 14.0
Poison Magic   | 4 5 6 7 |  7.0
Air Magic      | 1 2 3 |  3.7
Invocations    | 1 7 |  7.0
Conjurations   | 2 3 4 |  4.0
Armour         | 2 4 5 6 7 |  7.7
Translocations | 1 3 |  3.0
Shields        | 4 |  4.0
Hexes          | 4 |  4.0

Action                   |  1- 3 |  4- 6 |  7- 9 | 10-12 | 13-15 | 16-18 || total
-------------------------+-------+-------+-------+-------+-------+-------++-------
Melee: Unarmed           |    13 |       |       |       |       |       ||    13
       Short sword       |    15 |    27 |       |       |       |       ||    42
       Rapier            |       |    38 |       |       |       |       ||    38
       Whip              |       |       |   162 |       |       |       ||   162
       Trident           |       |       |    14 |   430 |     8 |       ||   452
       Tailslap          |       |       |       |     1 |       |       ||     1
       Demon trident     |       |       |       |       |  1263 |  1030 ||  2293
Throw: Dart              |       |     4 |     8 |     2 |       |       ||    14
       Stone             |       |       |     8 |    60 |   145 |   120 ||   333
       Boomerang         |       |       |       |     5 |       |     5 ||    10
 Cast: Freeze            |    48 |    10 |     9 |       |       |       ||    67
       Frozen Ramparts   |     2 |    13 |    31 |    55 |    72 |    26 ||   199
       Animate Skeleton  |       |     4 |     2 |       |    10 |    50 ||    66
       Summon Small Mamm |       |     7 |    31 |       |       |       ||    38
       Ozocubu's Armour  |       |       |     3 |    17 |     6 |     2 ||    28
       Summon Ice Beast  |       |       |     5 |    63 |    95 |    40 ||   203
       Poisonous Vapours |       |       |       |     7 |    40 |    82 ||   129
       Mephitic Cloud    |       |       |       |     2 |    37 |    20 ||    59
       Blink             |       |       |       |       |     2 |       ||     2
       Olgreb's Toxic Ra |       |       |       |       |       |    19 ||    19
       Ozocubu's Refrige |       |       |       |       |       |     6 ||     6
Invok: Heroism           |       |       |       |     2 |       |     7 ||     9
 Abil: Stop Flying       |       |       |       |       |       |     1 ||     1
       Evoke Flight      |       |       |       |       |       |     1 ||     1
Evoke: Wand              |       |       |       |     1 |       |       ||     1
  Use: Scroll            |       |     3 |     1 |    15 |    10 |     6 ||    35
       Potion            |       |       |       |    11 |       |       ||    11
 Stab: Sleeping          |     2 |     2 |     1 |     8 |    14 |     4 ||    31
       Distracted        |       |       |     3 |     3 |     7 |    12 ||    25
       Confused          |       |       |       |     2 |    25 |     8 ||    35
       Petrified         |       |       |       |       |     5 |       ||     5
       Held in net/web   |       |       |       |       |       |     2 ||     2
  Eat: Chunk             |     5 |     7 |    19 |    22 |    73 |    34 ||   160
       Ration            |       |       |     1 |     9 |     2 |     8 ||    20
Armor: Robe              |    14 |    37 |    62 |    76 |   113 |       ||   302
       Leather armour    |       |       |       |       |    12 |   146 ||   158
Dodge: Dodged            |    43 |    79 |   146 |   226 |   370 |   587 ||  1451
       Repelled          |       |       |       |       |       |    14 ||    14
Block: Other             |       |    20 |    49 |    83 |    13 |       ||   165
       Reflection        |       |       |     3 |     1 |    25 |    50 ||    79
       Buckler           |       |       |       |       |   284 |   487 ||   771
